 Dungeon Crawl Stone Soup version 0.21-a0-356-g45b0a09 (webtiles) character file.

181 Hasart the Grave Robber (level 5, -5/35 HPs)
             Began as a Demonspawn Necromancer on Oct 12, 2017.
             Slain by a phantom (6 damage)
             ... on level 4 of the Dungeon.
             The game lasted 00:07:15 (2327 turns).

Hasart the Grave Robber (Demonspawn Necromancer)    Turns: 2327, Time: 00:07:16

Health: -5/35      AC:  3    Str:  8    XL:     5   Next: 34%
Magic:  7/9        EV: 12    Int: 18    God:
Gold:   171        SH:  0    Dex: 13    Spells: 2/10 levels left

rFire    . . .     SeeInvis .   p - +2 dagger (venom)
rCold    . . .     Gourm    .   (no shield)
rNeg     . . .     Faith    .   a - +0 robe
rPois    .         Spirit   .   (no helmet)
rElec    .         Reflect  .   (no cloak)
rCorr    .         Harm     .   q - +0 pair of gloves (curse)
MR       .....                  (no boots)
Stlth    ++........             (no amulet)
HPRegen  0.11/turn              (no ring)
MPRegen  0.11/turn              (no ring)

@: no status effects
A: powered by death 2, spiny 1
a: no special abilities


You were on level 4 of the Dungeon.
You were hungry.

You visited 1 branch of the dungeon, and saw 4 of its levels.

You collected 171 gold pieces.

Inventory:

Hand Weapons
 p - a +2 dagger of venom (weapon)
Armour
 a - a +0 robe (worn)
 q - a cursed +0 pair of gloves (worn)
 r - a +0 buckler
Jewellery
 u - a +6 ring of dexterity {unknown}
Wands
 m - a wand of flame (24/48)
Scrolls
 d - 3 scrolls of teleportation {unknown}
 e - 3 scrolls of magic mapping {unknown}
 g - 2 scrolls of fog {unknown}
 i - a scroll of blinking {unknown}
 n - a scroll of recharging {unknown}
 o - 4 scrolls of identify {unknown}
 v - a scroll of enchant weapon {unknown}
 x - a scroll of remove curse {unknown}
Potions
 h - a potion of brilliance {unknown}
 j - a potion of degeneration {unknown}
 l - a potion of berserk rage {unknown}
 t - a potion of lignification {unknown}
 w - a potion of might {unknown}
Books
 b - a book of Necromancy

   Spells                             Type                      Level
   a - Pain                           Necromancy                   1
   b - Animate Skeleton               Necromancy                   1
   c - Vampiric Draining              Necromancy                   3
   d - Regeneration                   Charms/Necromancy            3
   e - Animate Dead                   Necromancy                   4
   f - Control Undead                 Necromancy                   4
Comestibles
 c - 2 bread rations
 f - a royal jelly
 k - 2 fruits


   Skills:
 - Level 1.7 Dodging
 - Level 1.7 Stealth
 + Level 1.2 Shields
 + Level 3.2 Spellcasting
 * Level 6.3 Necromancy


You had 2 spell levels left.
You knew the following spells:

 Your Spells              Type           Power        Failure   Level  Hunger
a - Pain                  Necr           ####         1%          1    None
b - Regeneration          Chrm/Necr      ##........   13%         3    ###....
c - Control Undead        Necr           ####......   12%         4    ####...


Dungeon Overview and Level Annotations

Branches:
Dungeon (4/15)
 Temple: D:4-7

Altars:
Okawaru

Shops:
D:4 (

Annotations:
D:3 Gruesome's ghost, amateur OpTm


Innate Abilities, Weirdness & Mutations

You regenerate health from kills.
You are partially covered in sharp spines.


Message History

The phantom blinks!
Unknown command.
The phantom blinks!
The phantom misses you.
You hit the phantom.
The phantom is heavily damaged.
The phantom barely misses you.
You hit the phantom.
The phantom is heavily damaged.
The phantom blinks!
The phantom is struck by your spines. The phantom barely misses you.
You hit the phantom but do no damage.
The phantom is severely damaged.
The phantom hits you.
* * * LOW HITPOINT WARNING * * *
The phantom blinks!
You miss the phantom.
The phantom is heavily damaged.
The phantom hits you.
You die...

#..# #..##
#...#
#####...##
#........#
#.$......##+
#............
#.W...........
#.@...........
#......#..#+##
#......#..#
########....
...


You could see a phantom.

Vanquished Creatures
  A bullfrog skeleton (D:4)
  Jessica (D:2)
  Robin (D:2)
  3 adders
  An ooze (D:1)
  An adder skeleton (D:2)
  4 worms
  5 dart slugs
  3 leopard geckos
  5 bats
  3 giant cockroaches
  13 goblins
  4 hobgoblins
  3 jackals (D:2)
  4 frilled lizards
  6 kobolds
  3 rats
61 creatures vanquished.

Notes
Turn   | Place    | Note
-------+----------+-------------------------------------------
     0 | D:1      | Hasart the Demonspawn Necromancer began the quest for the Orb.
     0 | D:1      | Reached XP level 1. HP: 13/13 MP: 3/3
   548 | D:1      | Gained mutation: You are partially covered in sharp spines. [demonic ancestry]
   548 | D:1      | Reached XP level 2. HP: 16/19 MP: 0/5
  1015 | D:1      | Reached skill level 5 in Necromancy
  1178 | D:1      | Gained mutation: You regenerate a little health from kills. [demonic ancestry]
  1178 | D:1      | Reached XP level 3. HP: 22/24 MP: 3/6
  1258 | D:2      | Noticed Robin
  1278 | D:2      | Killed Robin
  1579 | D:2      | Reached XP level 4. HP: 30/30 MP: 8/8
  1584 | D:2      | Learned a level 3 spell: Regeneration
  1589 | D:2      | Learned a level 4 spell: Control Undead
  1692 | D:2      | Noticed Jessica
  1697 | D:2      | Killed Jessica
  1901 | D:2      | Reached skill level 6 in Necromancy
  2028 | D:2      | Gained mutation: You regenerate health from kills. [demonic ancestry]
  2028 | D:2      | Reached XP level 5. HP: 32/35 MP: 9/9
  2031 | D:2      | Reached skill level 1 in Shields
  2137 | D:2      | Found an iron altar of Okawaru.
  2199 | D:3      | Noticed Gruesome's ghost (amateur OpTm)
  2212 | D:4      | Found Asoheam's Antique Weapon Shop.
  2258 | D:4      | Noticed a phantom
  2324 | D:4      | HP: 1/35 [phantom (3)]
  2327 | D:4      | Slain by a phantom

Vault maps used:
D:1:      roderic_crop_circles_arrival_small, serial_bayou_lagoon_a,
          interstate_on_off
D:2:      cheibrodos_old_hovel, lemuel_coloured_pillars_altar, uniq_robin,
          uniq_jessica
D:3:      minitemple
D:4:      minmay_temple_entry_overgrown, serial_shops, nicolae_shop_waterfront,
          chei_slow_surprise

Skill      XL: |  1  2  3  4  5 |
---------------+----------------+-----
Necromancy     | 5 6 |  6.3
Spellcasting   | 3 |  3.2
Shields        | 1 |  1.2
Dodging        | |  1.7
Stealth        | |  1.7

Action                   |  1- 3 |  4- 6 || total
-------------------------+-------+-------++-------
Melee: Mace              |    17 |       ||    17
       Dagger            |    51 |    50 ||   101
 Cast: Pain              |    31 |    15 ||    46
       Control Undead    |       |     3 ||     3
 Stab: Sleeping          |     1 |     3 ||     4
  Eat: Chunk             |     2 |     3 ||     5
Armor: Robe              |    16 |     6 ||    22
Dodge: Dodged            |    51 |    26 ||    77

Table legend:
 A = Spawn XP
 B = Non-spawn XP
 C = Spawn XP percentage of total XP
 D = Spawn monster count
 E = Non-spawn monster count
 F = Spawn count percentage of total count
 G = Total turns spent on level
                    A         B        C        D         E        F      G
               +---------+---------+-------+---------+---------+-------+---------
         Total |       0 |     259 |   0.0 |       0 |      61 |   0.0 |  2327
               +---------+---------+-------+---------+---------+-------+---------
           D:1 |       0 |      43 |   0.0 |       0 |      19 |   0.0 |  1252
           D:2 |       0 |     157 |   0.0 |       0 |      39 |   0.0 |   926
           D:3 |       0 |       5 |   0.0 |       0 |       1 |   0.0 |    34
           D:4 |       0 |      54 |   0.0 |       0 |       2 |   0.0 |   115
               +---------+---------+-------+---------+---------+-------+---------
